 Dungeon Crawl Stone Soup version 0.28-a0-793-g31680bbd8b (webtiles) character file.

Game seed: 9913895908394805747

347 ytrimaz the Ruffian (level 6, -1/47 HPs)
             Began as a Demonspawn Fighter on Nov 3, 2021.
             Slain by Edmund (5 damage)
             ... on level 4 of the Dungeon.
             The game lasted 00:03:30 (4182 turns).

ytrimaz the Ruffian (Demonspawn Fighter)            Turns: 4182, Time: 00:03:31

Health: -1/47      AC: 11    Str: 18    XL:     6   Next: 33%
Magic:  6/6        EV: 10    Int: 10    God:
Gold:   140        SH:  4    Dex: 12    Spells: 5/5 levels left

rFire   . . .      SeeInvis .     - Unarmed
rCold   . . .      Faith    .   c - +0 buckler
rNeg    . . .      Spirit   .   b - +0 scale mail
rPois   .          Reflect  .   (no helmet)
rElec   .          Harm     .   g - +0 cloak
rCorr   .          Rampage  .   (no gloves)
Will    .....                   a - +0 pair of boots
Stlth   ..........              (no amulet)
HPRegen 0.15/turn               (no ring)
MPRegen 0.10/turn               (no ring)

@: mighty
A: claws 2, sharp scales 2
a: no special abilities


You were on level 4 of the Dungeon.
You visited 1 branch of the dungeon, and saw 4 of its levels.

You collected 140 gold pieces.

Inventory:

Armour
 a - a +0 pair of boots (worn)
 b - a +0 scale mail (worn)
 c - a +0 buckler (worn)
 g - a +0 cloak (worn)
 i - a +0 plate armour
 k - a scarf of shadows
Jewellery
 f - a ring of wizardry
Wands
 e - a wand of digging (4)
Scrolls
 h - a scroll of identify
 l - a scroll of teleportation
Potions
 d - 2 potions of might
 j - a potion of lignification {unknown}


   Skills:
 + Level 3.2 Fighting
 - Level 2.0 Polearms
 + Level 3.4 Armour
 * Level 1.9 Dodging
 + Level 3.0 Shields
 * Level 4.3 Unarmed Combat


You had 5 spell levels left.
You didn't know any spells.
Your spell library was empty.

Dungeon Overview and Level Annotations

Branches:
Dungeon (4/15)
 Temple: D:4-7

Altars:

Annotations:
D:3 3 runed translucent doors, Leeroy's ghost, amateur DrTm
D:4 Edmund


Innate Abilities, Weirdness & Mutations

You have very sharp fingernails.
You are mostly covered in razor-sharp scales. (AC +2, Slay +2)


Message History

You scratch the necrophage.
The necrophage is severely damaged.
The necrophage hits you.
You claw the necrophage!
You destroy the necrophage!
An orc comes into view. It is wielding a +0 falchion.
Your life force feels restored.
Your Unarmed Combat skill increases to level 4!
You have reached level 6!
Your experience leads to an increase in your attributes!
Increase (S)trength, (I)ntelligence, or (D)exterity?
You feel stronger.
Your demonic ancestry asserts itself...
Sharp scales spread over more of your body.
The orc shouts!
You barely miss Edmund. You block Edmund's attack.
You scratch Edmund.
Edmund is lightly wounded.
Edmund hits you with a +2 dire flail of holy wrath.
You convulse.
You scratch Edmund.
Edmund is lightly wounded.
Edmund hits you with a +2 dire flail of holy wrath!
* * * LOW HITPOINT WARNING * * *
You convulse.
* * * LOW HITPOINT WARNING * * *
You closely miss Edmund.
Edmund is lightly wounded.
The orc closely misses you. Edmund hits you but does no damage.
Unknown command.
Things that are here:
a +0 club; an orc corpse You see here a necrophage corpse.
You feel very mighty all of a sudden. The orc barely misses you.
You claw the orc!
You kill the orc!
Edmund hits you with a +2 dire flail of holy wrath.
* * * LOW HITPOINT WARNING * * *
You convulse.
You die...

#.# ### #.# #.#
#######.#####.###########
..........†..............
#######.#####.###########
#.......... #...........
#.@...........
##@####..#..## #†#
#..#.... +......... >##
##.####..# #.# #.# ..#
###


You could see Edmund.

Vanquished Creatures
  A necrophage (D:4)
  Jessica (D:2)
  Natasha (thrice) (D:2)
  Robin (D:3)
  6 adders
  2 worms
  2 dart slugs (D:3)
  3 orcs (D:4)
  10 endoplasms
  2 giant cockroaches (D:3)
  18 goblins
  9 hobgoblins
  3 jackals (D:1)
  4 ball pythons
  5 bats
  7 frilled lizards
  7 kobolds
  5 rats
89 creatures vanquished.

Notes
Turn   | Place    | Note
-------+----------+-------------------------------------------
     0 | D:1      | ytrimaz the Demonspawn Fighter began the quest for the Orb.
     0 | D:1      | Reached XP level 1. HP: 18/18 MP: 1/1
   599 | D:1      | Gained mutation: You have sharp fingernails. [demonic
                  | ancestry]
   599 | D:1      | Reached XP level 2. HP: 23/24 MP: 2/2
  1353 | D:2      | Found Ziumel's Jewellery Shop.
  1739 | D:2      | Noticed Jessica
  1749 | D:2      | Killed Jessica
  1750 | D:2      | Reached skill level 1 in Dodging
  1750 | D:2      | Reached skill level 1 in Unarmed Combat
  1750 | D:2      | Gained mutation: You are partially covered in razor-sharp
                  | scales. (AC +1, Slay +1) [demonic ancestry]
  1750 | D:2      | Reached XP level 3. HP: 27/29 MP: 3/3
  2090 | D:2      | Reached XP level 4. HP: 35/35 MP: 4/4
  2432 | D:2      | Reached skill level 2 in Unarmed Combat
  2564 | D:2      | Noticed Natasha
  2572 | D:2      | Killed Natasha
  2608 | D:2      | Noticed Natasha
  2620 | D:2      | Killed Natasha
  2621 | D:2      | Reached skill level 3 in Unarmed Combat
  2621 | D:2      | Gained mutation: You have very sharp fingernails. [demonic
                  | ancestry]
  2621 | D:2      | Reached XP level 5. HP: 26/41 MP: 5/5
  2992 | D:2      | Noticed Natasha
  3002 | D:2      | Killed Natasha
  3170 | D:3      | Noticed Leeroy's ghost (amateur DrTm)
  3176 | D:3      | Found a runed translucent gate.
  3176 | D:3      | Found a runed translucent gate.
  3176 | D:3      | Found a runed translucent gate.
  3457 | D:3      | Noticed Robin
  3500 | D:3      | Killed Robin
  4160 | D:4      | Noticed a necrophage
  4169 | D:4      | Noticed Edmund
  4172 | D:4      | Killed a necrophage
  4173 | D:4      | Reached skill level 4 in Unarmed Combat
  4173 | D:4      | Gained mutation: You are mostly covered in razor-sharp
                  | scales. (AC +2, Slay +2) [demonic ancestry]
  4173 | D:4      | Reached XP level 6. HP: 29/47 MP: 6/6
  4182 | D:4      | Slain by Edmund

Illustrated notes

Levels and vault maps discovered:
D:1:      dpeg_arrival_rhombi, layout_loops_ring, hangedman_decor_growths
D:2:      layout_basic, serial_shops, shop, kennysheep_generic_room_7,
          uniq_jessica, uniq_natasha
D:3:      layout_basic, gammafunk_ghost_split, serial_park_tiny_2,
          minmay_misc_feat_rows, minmay_goblin_outpost, uniq_robin
D:4:      layout_basic, minmay_temple_entry_arrows, chequers_jeans, uniq_edmund

Skill      XL: |  1  2  3  4  5 |
---------------+----------------+-----
Polearms       | 2 |  2.0
Armour         | 3 |  3.4
Dodging        | 1 |  1.9
Unarmed Combat | 1 3 4 |  4.3
Shields        | 3 |  3.0
Fighting       | |  3.2

Action                   |  1- 3 |  4- 6 || total
-------------------------+-------+-------++-------
Melee: Trident           |    40 |       ||    40
       Unarmed           |   105 |   158 ||   263
  Use: Scroll            |       |     3 ||     3
       Potion            |       |     1 ||     1
Armor: Scale mail        |    64 |    73 ||   137
Dodge: Dodged            |    59 |    70 ||   129
Block: Buckler           |    31 |    40 ||    71

Table legend: (Time is in decaauts)
 A = Elapsed time spent in this place.
 B = Non-inter-level travel time spent in this place.
 C = Inter-level travel time spent in this place.
 D = Time resting spent in this place.
 E = Time spent auto-exploring this place.
 F = Levels seen in this place.
 G = Mean time per level.
                   A        B        C        D        E       F      G
               +--------+--------+--------+--------+--------+-----+--------+
         Total |   4186 |   4060 |    126 |    623 |   2710 |   4 | 1046.5 |
       Dungeon |   4186 |   4060 |    126 |    623 |   2710 |   4 | 1046.5 |
               +--------+--------+--------+--------+--------+-----+--------+

Top non-repeatable levels by time:
     D:2: 1673 daAuts
     D:1: 1361 daAuts
     D:3: 1101 daAuts
     D:4: 50 daAuts
